 Dungeon Crawl Stone Soup version 0.31.0 (webtiles) character file.

Game seed: 8324221748371131296

28 gelatine the Apothecary (level 2, -4/19 HPs)
             Began as a Demonspawn Alchemist on Jan 20, 2024.
             Slain by an ogre
             ... wielding a +0 giant club
              (23 damage)
             ... on level 2 of the Dungeon.
             The game lasted 00:03:31 (992 turns).

gelatine the Apothecary (Demonspawn Alchemist)       Turns: 992, Time: 00:03:32

Health: -4/19      AC:  2    Str:  8    XL:     2   Next: 96%
Magic:  2/5        EV: 12    Int: 15    God:
Gold:   32         SH:  0    Dex: 13    Spells: 2/5 levels left

rFire   . . .        b - staff of air
rCold   . . .        (no shield)
rNeg    . . .        a - +0 robe
rPois   .            (no helmet)
rElec   +            (no cloak)
rCorr   .            (no gloves)
SInv    .            (no boots)
Will    .....        (no amulet)
Stlth   ++           (no ring)
HPRegen 0.23/turn    (no ring)
MPRegen 0.09/turn

%: no passive effects
@: very slightly contaminated
A: hooves 1
a: no special abilities


You were on level 2 of the Dungeon.
You visited 1 branch of the dungeon, and saw 2 of its levels.

You collected 32 gold pieces.

Inventory:

Armour
 a - a +0 robe (worn)
Magical Staves
 b - a staff of air (weapon)
Scrolls
 c - a scroll of vulnerability {unknown}
 e - a scroll of enchant armour {unknown}
 g - a scroll of teleportation {unknown}
 h - a scroll of fog {unknown}
 i - a scroll of identify {unknown}
Potions
 d - a potion of invisibility {unknown}
 f - a potion of curing {unknown}
 j - a potion of enlightenment {unknown}


   Skills:
 + Level 2.1 Dodging
 + Level 1.8 Stealth
 + Level 2.2 Spellcasting
 + Level 1.2 Conjurations
 + Level 3.5 Alchemy


You had 2 spell levels left.
You knew the following spells:

 Your Spells              Type           Power      Damage    Failure   Level
a - Sting                 Conj/Alch      32%        1d5       9%          1
b - Mercury Vapours       Alch/Air       20%        N/A       16%         2

Your spell library contained the following spells:

 Spells                   Type           Power      Damage    Failure   Level
 Static Discharge         Conj/Air       10%        3-4/arc   26%         2
 Mephitic Cloud           Conj/Alch/Air  9%         N/A       32%         3
 Olgreb's Toxic Radiance  Alch           12%        N/A       45%         4
 Sticky Flame             Fire/Alch      7%         2d4       71%         4
 Airstrike                Air            1%         2d(1-17)  91%         4
 Summon Lightning Spire   Summ/Air       2%         N/A       91%         4


Dungeon Overview and Level Annotations

Branches:
Dungeon (2/15)

Altars:


Innate Abilities, Weirdness & Mutations

You have large cloven feet.


Message History

You can't see any susceptible monsters within range! (Use Z to cast anyway.)
Found a dagger.
A giant cockroach comes into view.
You can't see any susceptible monsters within range! (Use Z to cast anyway.)
The sting hits the giant cockroach.
The giant cockroach is poisoned.
The giant cockroach is moderately wounded.
The sting hits the giant cockroach.
The giant cockroach looks even sicker.
The giant cockroach is severely wounded.
You kill the giant cockroach!
You can't see any susceptible monsters within range! (Use Z to cast anyway.)
You can't see any susceptible monsters within range! (Use Z to cast anyway.)
You see here a giant cockroach corpse.
j - a fizzy puce potion An ogre comes into view.
It is wielding a +0 giant club.
You start memorising the spell.
You continue memorising. x2
You finish memorising.
Spell assigned to 'b'.
Casting: Sting (safe; 9% risk of failure)
Confirm with . or Enter, or press ? or * to list all spells.
You can't see any susceptible monsters within range! (Use Z to cast anyway.)
Found 5 gold pieces.
The ogre shouts!
You hear an angry hiss.
The sting hits the ogre.
The ogre is poisoned.
The ogre is lightly wounded.
The sting hits the ogre.
The ogre looks even sicker.
The ogre is moderately wounded.
The sting misses the ogre.
An adder comes into view.
A ball python comes into view.
The ogre attacks as it pursues you! The ogre closely misses you.
The ogre looks more healthy.
You see here a +0 dagger.
The sting hits the ogre but does no damage.
The ogre is poisoned.
The ogre is heavily wounded.
You miscast Sting.
You are very lightly contaminated with residual magic.
Nothing appears to happen.
The ogre hits you with a +0 giant club!!
Ouch! That really hurt!
You die...

..........# #.#
#.#
..........###.#
#.#
.....###...##.#
#.#
##...##.###.#.#
#†# ##.#.###
##..# #.# ##.#.#
#O.# #.# #.#.#
##.## #.#
#.#.##.#######.#
#.#.##..)O@...#
#.#.#######..#
#..# #..# #..#
#..#####
#......######
#...........#
#.####.####.#


You could see an ogre (poisoned).

Vanquished Creatures
  2 bats (D:2)
  2 endoplasms (D:1)
  2 giant cockroaches
  A goblin (D:1)
  6 hobgoblins (D:1)
  A kobold (D:1)
  A quokka (D:1)
  5 ball pythons
  2 frilled lizards (D:1)
  3 rats (D:1)
25 creatures vanquished.

Notes
Turn   | Place    | Note
-------+----------+-------------------------------------------
     0 | D:1      | gelatine the Demonspawn Alchemist began the quest for the
                  | Orb.
     0 | D:1      | Reached XP level 1. HP: 13/13 MP: 3/3
    77 | D:1      | Discovered your monstrous ancestry.
    77 | D:1      | Gained mutation: You have large cloven feet. [demonic
                  | ancestry]
    77 | D:1      | Reached XP level 2. HP: 19/19 MP: 1/5
   956 | D:2      | Noticed an ogre
   964 | D:2      | Learned a level 2 spell: Mercury Vapours
   992 | D:2      | Slain by an ogre

Illustrated notes

Levels and vault maps discovered:
D:1:      scummos_arrival_simple_crosswalls, layout_rooms
D:2:      minmay_inner_zag, layout_loops_ring

Skill      XL: |  1  2 |
---------------+-------+-----
Dodging        | 2 |  2.1
Stealth        | |  1.8
Spellcasting   | |  2.2
Conjurations   | |  1.2
Alchemy        | |  3.5

Action                     || total
---------------------------++-------
  Melee: Staff             ||    13
         Kick              ||     3
   Cast: Sting             ||    43
    Use: Potion            ||     1
 Armour: Robe              ||    24
  Dodge: Dodged            ||    36
